Connexion

Americans vs Monsters

Created - 3 novembre 2023 at 05:17

Goals
1 2 3 T
Americans 0 0 1 1
Monsters 0 1 1 2
Shots
1 2 3 T
Americans 4 10 5 19
Monsters 15 6 12 33

GoalsPenalties
1st period
No Goal
Mattias Samuelsson (POR) for Tripping (Minor) at 9:00
Mattias Samuelsson (POR) for Hooking (Minor) at 15:41
2nd period
1. Monsters , Riley Sutter 14 (Tim Gettinger 13, Nicolas Petan 20) at 15:10
Mason Geertsen (CLE) for Hooking (Minor) at 5:22
Luke Johnson (CLE) for High sticking (Minor) at 9:09
Sean Day (CLE) for Roughing (Minor) at 16:49
3rd period
2. Monsters , Mason Geertsen 5 (Alex Formenton 31, Andrew Poturalski 21) at 0:17
3. Americans , Kyle Okposo 8 (Joseph Duszak 10, Connor Carrick 19) at 3:26
No Penalty
Goalie Stats
Troy Grosenick (POR), 31 saves from 33 shots - (0,939), L, 0-3-0, 59:01 minutes
Kevin Mandolese (CLE), 18 saves from 19 shots - (0,947), W, 17-8-0, 60:00 minutes
3 StarsOfficial
1 - Riley Sutter (CLE)
2 - Troy Grosenick (POR)
3 - Andrew Poturalski (CLE)
Referees : Dean Morton and Brian Pochmara
Linesman : Thor Nelson and Dan Schachte
Game Note
Reid Duke is injured at 12:25 of 2nd period (Right Knee)
Finance
Level 1 -- Attendance: 1408 (70,40%) -- Ticket Income 56 320 $
Level 2 -- Attendance: 940 (94,00%) -- Ticket Income 18 800 $
Total Attendance: 2348 (78,27%)
Total Ticket Income: 75 120 $
Other Income: 15 024 $
Total Income: 90 144 $



Team Name Goals Shots Shots Attemp Shots Blocked PIM HIT PP PK FO%
Americans 1194364220 / 3 (0%)054%
Monsters 23365116250 / 2 (0%)046%

Americans
Player Name POS G A P +/- PIM HIT SHT SB MP PP MP PP SHT PK MP PK SHT FO% FOT
Andrew AgozzinoC/LW0000003018:582:4001:31072% 18
Connor CarrickD011-1011022:022:2512:2800% 0
Ethan ProwD0000001122:133:3201:1800% 0
Joseph DuszakD011-1020022:022:2502:2800% 0
Kyle OkposoC/RW101-1002124:522:1702:00045% 31
Kyle RauC/LW/RW0000004014:250:0000:0000% 0
Matt LoritoLW/RW0000002017:272:4000:0000% 0
Mattias SamuelssonD0000441120:533:3200:0000% 0
Oskari LaaksonenD0000050216:510:0001:1800% 0
Parker KellyC/LW0000020014:510:2600:00036% 14
Patrick BrownC/RW000000006:590:0000:0000% 0
Reid DukeC000001105:170:0000:00040% 5
Robbie RussoD0000000015:570:0000:2400% 0
Ross JohnstonLW0000031018:582:4001:310100% 3
Sam AnasC/RW0000011015:390:0001:1400% 0
Sean MaloneC000000003:001:0000:00075% 4
Tanner Fritz C/LW/RW000-1022118:252:5101:4000% 0
Turner ElsonC/LW/RW000-1010017:113:1700:000100% 1
Monsters
Player Name POS G A P +/- PIM HIT SHT SB MP PP MP PP SHT PK MP PK SHT FO% FOT
Adam GinningD0000010213:550:0000:0300% 0
Alex FormentonLW0110023025:422:1814:15025% 4
Andrew PoturalskiC/RW0110043018:032:1801:18033% 3
Anthony AngelloC/RW0000033015:271:4030:000100% 1
Blade JenkinsC/LW0000011014:110:0000:240100% 1
Carsen TwarynskiLW000000104:420:0000:0000% 0
Chris BigrasD0000021116:260:0002:3400% 0
Dysin MayoD0000021024:411:4013:2800% 0
Luke JohnsonC000020204:410:0000:00044% 9
Mason GeertsenD1010211023:151:4002:0300% 0
Max WillmanC/LW0000020113:470:0000:00040% 10
Mitch ReinkeD0001000321:452:1802:4700% 0
Nathan WalkerLW000000000:000:0000:0000% 0
Nicholas AbruzzeseC/LW0000006121:002:1824:15050% 26
Nicolas PetanC/LW/RW0111013019:041:4000:15048% 21
Riley SutterRW1011013017:090:0000:0000% 0
Sean DayD0001251319:562:1800:5900% 0
Tim GettingerLW0111004020:161:4011:2700% 1



Play-by-Play

1st period


0:01 of 1st period - Nicholas Abruzzese wins face-off versus Kyle Okposo in neutral zone.
0:13 of 1st period - Dysin Mayo is hit by Turner Elson and loses puck.
0:59 of 1st period - Shot by Andrew Agozzino.
0:59 of 1st period - Stopped by Kevin Mandolese without a rebound.
1:00 of 1st period - Nicolas Petan wins face-off versus Parker Kelly in Monsters zone.
1:00 of 1st period - Nicolas Petan is hit by Sam Anas.
2:34 of 1st period - Shot by Andrew Agozzino.
2:34 of 1st period - Shot Misses the Net.
2:36 of 1st period - Shot by Matt Lorito.
2:36 of 1st period - Shot Blocked by Adam Ginning.
2:38 of 1st period - Shot by Andrew Agozzino.
2:38 of 1st period - Shot Misses the Net.
3:19 of 1st period - Carsen Twarynski is hit by Mattias Samuelsson and loses puck.
3:34 of 1st period - Shot by Carsen Twarynski.
3:34 of 1st period - Deflect By Luke Johnson.
3:34 of 1st period - Stopped by Troy Grosenick with a rebound.
4:29 of 1st period - Riley Sutter is hit by Connor Carrick and loses puck.
4:37 of 1st period - Joseph Duszak is hit by Sean Day and loses puck.
4:42 of 1st period - Shot by Kyle Okposo.
4:42 of 1st period - Shot Blocked by Mitch Reinke.
4:44 of 1st period - Shot by Connor Carrick.
4:44 of 1st period - Shot Misses the Net.
4:50 of 1st period - Shot by Turner Elson.
4:50 of 1st period - Shot Blocked by Mitch Reinke.
5:12 of 1st period - Shot by Nicholas Abruzzese.
5:12 of 1st period - Stopped by Troy Grosenick without a rebound.
5:13 of 1st period - Parker Kelly wins face-off versus Nicholas Abruzzese in Americans zone.
5:13 of 1st period - Parker Kelly is hit by Andrew Poturalski.
5:19 of 1st period - Shot by Parker Kelly.
5:19 of 1st period - Shot Misses the Net.
5:48 of 1st period - Shot by Nicholas Abruzzese.
5:48 of 1st period - Shot Misses the Net.
6:26 of 1st period - Icing by Robbie Russo.
6:27 of 1st period - Max Willman wins face-off versus Reid Duke in Americans zone.
7:08 of 1st period - Icing by Kyle Okposo.
7:09 of 1st period - Nicolas Petan wins face-off versus Kyle Okposo in Americans zone.
7:21 of 1st period - Icing by Mitch Reinke.
7:22 of 1st period - Ross Johnston wins face-off versus Nicolas Petan in Monsters zone.
7:32 of 1st period - Shot by Ethan Prow.
7:32 of 1st period - Shot Misses the Net.
7:34 of 1st period - Shot by Matt Lorito.
7:34 of 1st period - Stopped by Kevin Mandolese without a rebound.
7:35 of 1st period - Parker Kelly wins face-off versus Luke Johnson in Monsters zone.
7:47 of 1st period - Off-side.
7:48 of 1st period - Andrew Agozzino wins face-off versus Nicolas Petan in neutral zone.
8:25 of 1st period - Shot by Riley Sutter.
8:25 of 1st period - Shot Misses the Net.
8:27 of 1st period - Shot by Mitch Reinke.
8:27 of 1st period - Shot Misses the Net.
8:41 of 1st period - Shot by Nicholas Abruzzese.
8:41 of 1st period - Shot Misses the Net.
8:43 of 1st period - Shot by Nicholas Abruzzese.
8:43 of 1st period - Stopped by Troy Grosenick with a rebound.
8:45 of 1st period - Shot by Andrew Poturalski.
8:45 of 1st period - Shot Misses the Net.
8:48 of 1st period - Andrew Poturalski is hit by Mattias Samuelsson and loses puck.
8:57 of 1st period - Shot by Nicholas Abruzzese.
8:57 of 1st period - Shot Misses the Net.
8:59 of 1st period - Shot by Nicholas Abruzzese.
8:59 of 1st period - Shot Misses the Net.
9:00 of 1st period - Minor Penalty to Mattias Samuelsson for Tripping.
9:01 of 1st period - Anthony Angello wins face-off versus Kyle Okposo in Americans zone.
9:06 of 1st period - Shot by Tim Gettinger.
9:06 of 1st period - Shot Blocked by Tanner Fritz .
9:08 of 1st period - Shot by Tim Gettinger.
9:08 of 1st period - Shot Misses the Net.
9:10 of 1st period - Shot by Nicolas Petan.
9:10 of 1st period - Deflect By Anthony Angello.
9:10 of 1st period - Stopped by Troy Grosenick without a rebound.
9:11 of 1st period - Nicholas Abruzzese wins face-off versus Kyle Okposo in Americans zone.
9:12 of 1st period - Shot by Alex Formenton.
9:12 of 1st period - Deflect By Nicholas Abruzzese.
9:12 of 1st period - Stopped by Troy Grosenick without a rebound.
9:13 of 1st period - Nicholas Abruzzese wins face-off versus Kyle Okposo in Americans zone.
9:26 of 1st period - Shot by Alex Formenton.
9:26 of 1st period - Stopped by Troy Grosenick with a rebound.
9:30 of 1st period - Shot by Sean Day.
9:30 of 1st period - Shot Hit the Post.
9:34 of 1st period - Shot by Alex Formenton.
9:34 of 1st period - Deflect By Nicholas Abruzzese.
9:34 of 1st period - Stopped by Troy Grosenick without a rebound.
9:35 of 1st period - Nicolas Petan wins face-off versus Kyle Okposo in Americans zone.
9:46 of 1st period - Shot by Tim Gettinger.
9:46 of 1st period - Stopped by Troy Grosenick with a rebound.
11:12 of 1st period - Icing by Mattias Samuelsson.
11:13 of 1st period - Parker Kelly wins face-off versus Luke Johnson in Americans zone.
11:23 of 1st period - Icing by Adam Ginning.
11:24 of 1st period - Reid Duke wins face-off versus Luke Johnson in Monsters zone.
11:24 of 1st period - Kyle Okposo is hit by Adam Ginning and loses puck.
11:37 of 1st period - Shot by Luke Johnson.
11:37 of 1st period - Stopped by Troy Grosenick without a rebound.
11:38 of 1st period - Nicolas Petan wins face-off versus Parker Kelly in Americans zone.
11:39 of 1st period - Shot by Riley Sutter.
11:39 of 1st period - Shot Misses the Net.
12:31 of 1st period - Off-side.
12:32 of 1st period - Kyle Okposo wins face-off versus Nicholas Abruzzese in neutral zone.
12:39 of 1st period - Off-side.
12:40 of 1st period - Nicholas Abruzzese wins face-off versus Kyle Okposo in neutral zone.
13:53 of 1st period - Shot by Matt Lorito.
13:53 of 1st period - Stopped by Kevin Mandolese with a rebound.
14:25 of 1st period - Parker Kelly is hit by Max Willman and loses puck.
14:42 of 1st period - Shot by Sam Anas.
14:42 of 1st period - Stopped by Kevin Mandolese without a rebound.
14:43 of 1st period - Nicolas Petan wins face-off versus Reid Duke in Monsters zone.
14:45 of 1st period - Icing by Riley Sutter.
14:46 of 1st period - Kyle Okposo wins face-off versus Nicolas Petan in Monsters zone.
15:12 of 1st period - Shot by Tim Gettinger.
15:12 of 1st period - Stopped by Troy Grosenick with a rebound.
15:14 of 1st period - Shot by Nicolas Petan.
15:14 of 1st period - Stopped by Troy Grosenick with a rebound.
15:20 of 1st period - Shot by Tim Gettinger.
15:20 of 1st period - Shot Misses the Net.
15:38 of 1st period - Shot by Alex Formenton.
15:38 of 1st period - Shot Misses the Net.
15:41 of 1st period - Minor Penalty to Mattias Samuelsson for Hooking.
15:42 of 1st period - Andrew Agozzino wins face-off versus Nicholas Abruzzese in Americans zone.
16:37 of 1st period - Shot by Anthony Angello.
16:37 of 1st period - Stopped by Troy Grosenick without a rebound.
16:38 of 1st period - Andrew Agozzino wins face-off versus Nicolas Petan in Americans zone.
16:51 of 1st period - Shot by Anthony Angello.
16:51 of 1st period - Shot Misses the Net.
16:53 of 1st period - Shot by Dysin Mayo.
16:53 of 1st period - Stopped by Troy Grosenick with a rebound.
16:55 of 1st period - Shot by Tim Gettinger.
16:55 of 1st period - Shot Blocked by Ethan Prow.
16:57 of 1st period - Shot by Anthony Angello.
16:57 of 1st period - Stopped by Troy Grosenick without a rebound.
16:58 of 1st period - Kyle Okposo wins face-off versus Nicholas Abruzzese in Americans zone.
17:41 of 1st period - Shot by Nicolas Petan.
17:41 of 1st period - Shot Blocked by Oskari Laaksonen.
17:44 of 1st period - Icing by Oskari Laaksonen.
17:45 of 1st period - Reid Duke wins face-off versus Max Willman in Americans zone.
17:56 of 1st period - Anthony Angello is hit by Reid Duke and loses puck.
18:03 of 1st period - Shot by Patrick Brown.
18:03 of 1st period - Shot Blocked by Max Willman.
18:15 of 1st period - Shot by Patrick Brown.
18:15 of 1st period - Shot Misses the Net.
18:48 of 1st period - Off-side.
18:49 of 1st period - Nicholas Abruzzese wins face-off versus Parker Kelly in neutral zone.
19:48 of 1st period - Shot by Nicolas Petan.
19:48 of 1st period - Shot Misses the Net.
19:50 of 1st period - Shot by Riley Sutter.
19:50 of 1st period - Stopped by Troy Grosenick without a rebound.
19:51 of 1st period - Andrew Agozzino wins face-off versus Nicolas Petan in Americans zone.
Goals for this period are 0 for Americans vs 0 for Monsters.
Shots for this period are 4 for Americans vs 15 for Monsters.

2nd period


0:01 of 2nd period - Kyle Okposo wins face-off versus Andrew Poturalski in neutral zone.
0:08 of 2nd period - Shot by Tanner Fritz .
0:08 of 2nd period - Deflect By Kyle Okposo.
0:08 of 2nd period - Stopped by Kevin Mandolese without a rebound.
0:09 of 2nd period - Kyle Okposo wins face-off versus Nicholas Abruzzese in Monsters zone.
0:26 of 2nd period - Shot by Alex Formenton.
0:26 of 2nd period - Stopped by Troy Grosenick without a rebound.
0:27 of 2nd period - Andrew Agozzino wins face-off versus Tim Gettinger in Americans zone.
0:27 of 2nd period - Andrew Agozzino is hit by Nicolas Petan.
0:40 of 2nd period - Matt Lorito is hit by Sean Day and loses puck.
0:55 of 2nd period - Shot by Andrew Agozzino.
0:55 of 2nd period - Stopped by Kevin Mandolese without a rebound.
0:56 of 2nd period - Kyle Okposo wins face-off versus Nicholas Abruzzese in Monsters zone.
1:03 of 2nd period - Shot by Tanner Fritz .
1:03 of 2nd period - Stopped by Kevin Mandolese without a rebound.
1:04 of 2nd period - Nicholas Abruzzese wins face-off versus Kyle Okposo in Monsters zone.
2:42 of 2nd period - Shot by Anthony Angello.
2:42 of 2nd period - Deflect By Blade Jenkins.
2:42 of 2nd period - Stopped by Troy Grosenick without a rebound.
2:43 of 2nd period - Parker Kelly wins face-off versus Max Willman in Americans zone.
2:43 of 2nd period - Parker Kelly is hit by Anthony Angello.
3:02 of 2nd period - Icing by Blade Jenkins.
3:03 of 2nd period - Max Willman wins face-off versus Reid Duke in Monsters zone.
3:18 of 2nd period - Shot by Reid Duke.
3:18 of 2nd period - Stopped by Kevin Mandolese with a rebound.
3:43 of 2nd period - Oskari Laaksonen is hit by Max Willman and loses puck.
3:48 of 2nd period - Robbie Russo is hit by Blade Jenkins and loses puck.
4:08 of 2nd period - Alex Formenton is hit by Oskari Laaksonen and loses puck.
4:27 of 2nd period - Shot by Nicholas Abruzzese.
4:27 of 2nd period - Stopped by Troy Grosenick without a rebound.
4:28 of 2nd period - Ross Johnston wins face-off versus Nicolas Petan in Americans zone.
5:22 of 2nd period - Minor Penalty to Mason Geertsen for Hooking.
5:23 of 2nd period - Sean Malone wins face-off versus Alex Formenton in Monsters zone.
5:23 of 2nd period - Mattias Samuelsson is hit by Dysin Mayo and loses puck.
6:11 of 2nd period - Icing by Sean Malone.
6:12 of 2nd period - Alex Formenton wins face-off versus Sean Malone in Americans zone.
6:12 of 2nd period - Alex Formenton is hit by Mattias Samuelsson.
6:28 of 2nd period - Connor Carrick is hit by Alex Formenton and loses puck.
7:03 of 2nd period - Icing by Parker Kelly.
7:04 of 2nd period - Andrew Poturalski wins face-off versus Kyle Okposo in Americans zone.
7:16 of 2nd period - Icing by Mattias Samuelsson.
7:17 of 2nd period - Kyle Okposo wins face-off versus Andrew Poturalski in Americans zone.
9:09 of 2nd period - Minor Penalty to Luke Johnson for High sticking.
9:10 of 2nd period - Kyle Okposo wins face-off versus Alex Formenton in Monsters zone.
9:55 of 2nd period - Shot by Connor Carrick.
9:55 of 2nd period - Stopped by Kevin Mandolese with a rebound.
12:24 of 2nd period - Reid Duke is hit by Chris Bigras.
12:25 of 2nd period - Reid Duke from Americans is injured at 12:25 of 2nd period (Right Knee).
12:26 of 2nd period - Andrew Agozzino wins face-off versus Nicholas Abruzzese in Monsters zone.
12:32 of 2nd period - Off-side.
12:33 of 2nd period - Andrew Agozzino wins face-off versus Nicholas Abruzzese in neutral zone.
12:58 of 2nd period - Shot by Ross Johnston.
12:58 of 2nd period - Shot Misses the Net.
13:01 of 2nd period - Andrew Agozzino is hit by Mason Geertsen and loses puck.
13:16 of 2nd period - Shot by Alex Formenton.
13:16 of 2nd period - Stopped by Troy Grosenick without a rebound.
13:17 of 2nd period - Kyle Okposo wins face-off versus Nicolas Petan in Americans zone.
13:30 of 2nd period - Shot by Tanner Fritz .
13:30 of 2nd period - Deflect By Turner Elson.
13:30 of 2nd period - Shot Blocked by Mitch Reinke.
14:09 of 2nd period - Off-side.
14:10 of 2nd period - Andrew Agozzino wins face-off versus Luke Johnson in neutral zone.
14:16 of 2nd period - Icing by Mason Geertsen.
14:17 of 2nd period - Luke Johnson wins face-off versus Parker Kelly in Monsters zone.
14:47 of 2nd period - Icing by Dysin Mayo.
14:48 of 2nd period - Luke Johnson wins face-off versus Kyle Okposo in Monsters zone.
14:52 of 2nd period - Off-side.
14:53 of 2nd period - Kyle Okposo wins face-off versus Nicolas Petan in neutral zone.
15:06 of 2nd period - Shot by Tim Gettinger.
15:06 of 2nd period - Stopped by Troy Grosenick with a rebound.
15:08 of 2nd period - Shot by Tim Gettinger.
15:08 of 2nd period - Shot Misses the Net.
15:10 of 2nd period - Shot by Riley Sutter.
15:10 of 2nd period - Goal by Riley Sutter - Americans : 0 - Monsters : 1.
15:11 of 2nd period - Nicholas Abruzzese wins face-off versus Andrew Agozzino in neutral zone.
15:19 of 2nd period - Icing by Ross Johnston.
15:20 of 2nd period - Andrew Agozzino wins face-off versus Nicholas Abruzzese in Americans zone.
15:20 of 2nd period - Andrew Agozzino is hit by Andrew Poturalski.
15:28 of 2nd period - Shot by Ethan Prow.
15:28 of 2nd period - Stopped by Kevin Mandolese with a rebound.
15:44 of 2nd period - Shot by Ross Johnston.
15:44 of 2nd period - Shot Blocked by Nicholas Abruzzese.
15:46 of 2nd period - Shot by Ross Johnston.
15:46 of 2nd period - Stopped by Kevin Mandolese without a rebound.
15:47 of 2nd period - Nicolas Petan wins face-off versus Kyle Okposo in Monsters zone.
15:47 of 2nd period - Nicolas Petan is hit by Tanner Fritz .
16:12 of 2nd period - Shot by Kyle Okposo.
16:12 of 2nd period - Deflect By Tanner Fritz .
16:12 of 2nd period - Stopped by Kevin Mandolese without a rebound.
16:13 of 2nd period - Nicholas Abruzzese wins face-off versus Parker Kelly in Monsters zone.
16:15 of 2nd period - Alex Formenton is hit by Parker Kelly and loses puck.
16:22 of 2nd period - Shot by Kyle Rau.
16:22 of 2nd period - Stopped by Kevin Mandolese with a rebound.
16:30 of 2nd period - Shot by Kyle Rau.
16:30 of 2nd period - Stopped by Kevin Mandolese without a rebound.
16:31 of 2nd period - Kyle Okposo wins face-off versus Max Willman in Monsters zone.
16:49 of 2nd period - Minor Penalty to Sean Day for Roughing.
16:50 of 2nd period - Andrew Agozzino wins face-off versus Nicholas Abruzzese in Monsters zone.
17:27 of 2nd period - Shot by Andrew Agozzino.
17:27 of 2nd period - Shot Misses the Net.
17:51 of 2nd period - Shot by Connor Carrick.
17:51 of 2nd period - Deflect By Tanner Fritz .
17:51 of 2nd period - Shot Blocked by Chris Bigras.
18:03 of 2nd period - Nicholas Abruzzese is hit by Tanner Fritz and loses puck.
18:17 of 2nd period - Icing by Connor Carrick.
18:18 of 2nd period - Kyle Okposo wins face-off versus Alex Formenton in Americans zone.
19:56 of 2nd period - Icing by Blade Jenkins.
19:57 of 2nd period - Ross Johnston wins face-off versus Max Willman in Monsters zone.
Goals for this period are 0 for Americans vs 1 for Monsters.
Shots for this period are 10 for Americans vs 6 for Monsters.

3rd period


0:01 of 3rd period - Nicholas Abruzzese wins face-off versus Kyle Okposo in neutral zone.
0:04 of 3rd period - Kyle Okposo is hit by Andrew Poturalski and loses puck.
0:09 of 3rd period - Shot by Nicholas Abruzzese.
0:09 of 3rd period - Shot Misses the Net.
0:11 of 3rd period - Shot by Andrew Poturalski.
0:11 of 3rd period - Stopped by Troy Grosenick with a rebound.
0:15 of 3rd period - Shot by Alex Formenton.
0:15 of 3rd period - Shot Misses the Net.
0:17 of 3rd period - Shot by Mason Geertsen.
0:17 of 3rd period - Goal by Mason Geertsen - Americans : 0 - Monsters : 2.
0:18 of 3rd period - Nicolas Petan wins face-off versus Andrew Agozzino in neutral zone.
0:18 of 3rd period - Nicolas Petan is hit by Ross Johnston.
1:09 of 3rd period - Icing by Sean Day.
1:10 of 3rd period - Turner Elson wins face-off versus Nicolas Petan in Monsters zone.
1:58 of 3rd period - Nicolas Petan is hit by Oskari Laaksonen and loses puck.
2:13 of 3rd period - Shot by Kyle Rau.
2:13 of 3rd period - Shot Blocked by Sean Day.
2:15 of 3rd period - Shot by Kyle Rau.
2:15 of 3rd period - Stopped by Kevin Mandolese without a rebound.
2:16 of 3rd period - Andrew Agozzino wins face-off versus Nicholas Abruzzese in Monsters zone.
2:22 of 3rd period - Icing by Nicholas Abruzzese.
2:23 of 3rd period - Nicholas Abruzzese wins face-off versus Andrew Agozzino in Monsters zone.
2:28 of 3rd period - Shot by Nicholas Abruzzese.
2:28 of 3rd period - Stopped by Troy Grosenick without a rebound.
2:29 of 3rd period - Nicholas Abruzzese wins face-off versus Parker Kelly in Americans zone.
3:08 of 3rd period - Sam Anas is hit by Dysin Mayo and loses puck.
3:16 of 3rd period - Icing by Mason Geertsen.
3:17 of 3rd period - Nicholas Abruzzese wins face-off versus Kyle Okposo in Monsters zone.
3:26 of 3rd period - Shot by Kyle Okposo.
3:26 of 3rd period - Goal by Kyle Okposo - Americans : 1 - Monsters : 2.
3:27 of 3rd period - Max Willman wins face-off versus Andrew Agozzino in neutral zone.
3:47 of 3rd period - Anthony Angello is hit by Ross Johnston.
4:59 of 3rd period - Alex Formenton is hit by Mattias Samuelsson and loses puck.
5:09 of 3rd period - Off-side.
5:10 of 3rd period - Parker Kelly wins face-off versus Nicolas Petan in neutral zone.
5:31 of 3rd period - Shot by Nicolas Petan.
5:31 of 3rd period - Deflect By Riley Sutter.
5:31 of 3rd period - Shot Misses the Net.
5:35 of 3rd period - Shot by Nicolas Petan.
5:35 of 3rd period - Stopped by Troy Grosenick without a rebound.
5:36 of 3rd period - Sean Malone wins face-off versus Max Willman in Americans zone.
5:36 of 3rd period - Sean Malone is hit by Anthony Angello.
6:07 of 3rd period - Patrick Brown is hit by Chris Bigras and loses puck.
6:32 of 3rd period - Shot by Matt Lorito.
6:32 of 3rd period - Shot Misses the Net.
7:02 of 3rd period - Sam Anas is hit by Anthony Angello and loses puck.
7:35 of 3rd period - Shot by Nicholas Abruzzese.
7:35 of 3rd period - Shot Blocked by Oskari Laaksonen.
7:37 of 3rd period - Shot by Mason Geertsen.
7:37 of 3rd period - Shot Misses the Net.
7:39 of 3rd period - Shot by Dysin Mayo.
7:39 of 3rd period - Shot Misses the Net.
7:41 of 3rd period - Shot by Nicholas Abruzzese.
7:41 of 3rd period - Shot Misses the Net.
7:43 of 3rd period - Shot by Andrew Poturalski.
7:43 of 3rd period - Stopped by Troy Grosenick without a rebound.
7:44 of 3rd period - Nicolas Petan wins face-off versus Kyle Okposo in Americans zone.
8:00 of 3rd period - Icing by Joseph Duszak.
8:01 of 3rd period - Kyle Okposo wins face-off versus Luke Johnson in Americans zone.
8:06 of 3rd period - Connor Carrick is hit by Alex Formenton and loses puck.
8:19 of 3rd period - Shot by Carsen Twarynski.
8:19 of 3rd period - Stopped by Troy Grosenick with a rebound.
9:04 of 3rd period - Andrew Agozzino is hit by Sean Day and loses puck.
9:31 of 3rd period - Ross Johnston is hit by Sean Day and loses puck.
9:57 of 3rd period - Andrew Poturalski is hit by Oskari Laaksonen and loses puck.
10:06 of 3rd period - Shot by Andrew Poturalski.
10:06 of 3rd period - Stopped by Troy Grosenick without a rebound.
10:07 of 3rd period - Sean Malone wins face-off versus Max Willman in Americans zone.
10:55 of 3rd period - Off-side.
10:56 of 3rd period - Andrew Agozzino wins face-off versus Nicholas Abruzzese in neutral zone.
10:56 of 3rd period - Connor Carrick is hit by Andrew Poturalski and loses puck.
11:10 of 3rd period - Shot by Chris Bigras.
11:10 of 3rd period - Stopped by Troy Grosenick with a rebound.
11:15 of 3rd period - Alex Formenton is hit by Joseph Duszak and loses puck.
11:44 of 3rd period - Shot by Kyle Rau.
11:44 of 3rd period - Stopped by Kevin Mandolese without a rebound.
11:45 of 3rd period - Nicolas Petan wins face-off versus Kyle Okposo in Monsters zone.
11:50 of 3rd period - Shot by Sean Day.
11:50 of 3rd period - Shot Blocked by Mattias Samuelsson.
11:58 of 3rd period - Shot by Riley Sutter.
11:58 of 3rd period - Deflect By Nicolas Petan.
11:58 of 3rd period - Shot Misses the Net.
12:00 of 3rd period - Shot by Nicolas Petan.
12:00 of 3rd period - Stopped by Troy Grosenick with a rebound.
12:02 of 3rd period - Shot by Sean Day.
12:02 of 3rd period - Shot Misses the Net.
12:06 of 3rd period - Shot by Riley Sutter.
12:06 of 3rd period - Shot Misses the Net.
12:18 of 3rd period - Shot by Nicolas Petan.
12:18 of 3rd period - Shot Blocked by Kyle Okposo.
12:20 of 3rd period - Shot by Sean Day.
12:20 of 3rd period - Stopped by Troy Grosenick without a rebound.
12:21 of 3rd period - Max Willman wins face-off versus Parker Kelly in Americans zone.
12:21 of 3rd period - Mason Geertsen is hit by Oskari Laaksonen and loses puck.
13:08 of 3rd period - Off-side.
13:09 of 3rd period - Kyle Okposo wins face-off versus Nicholas Abruzzese in neutral zone.
13:11 of 3rd period - Joseph Duszak is hit by Sean Day.
13:17 of 3rd period - Shot by Tanner Fritz .
13:17 of 3rd period - Shot Hit the Post.
13:19 of 3rd period - Shot by Tanner Fritz .
13:19 of 3rd period - Shot Misses the Net.
13:42 of 3rd period - Shot by Kyle Okposo.
13:42 of 3rd period - Shot Blocked by Sean Day.
14:06 of 3rd period - Shot by Ross Johnston.
14:06 of 3rd period - Shot Blocked by Sean Day.
14:08 of 3rd period - Shot by Ethan Prow.
14:08 of 3rd period - Deflect By Andrew Agozzino.
14:08 of 3rd period - Shot Misses the Net.
14:28 of 3rd period - Shot by Ross Johnston.
14:28 of 3rd period - Shot Blocked by Adam Ginning.
14:30 of 3rd period - Shot by Mattias Samuelsson.
14:30 of 3rd period - Stopped by Kevin Mandolese without a rebound.
14:31 of 3rd period - Blade Jenkins wins face-off versus Parker Kelly in Monsters zone.
14:31 of 3rd period - Blade Jenkins is hit by Parker Kelly.
14:59 of 3rd period - Shot by Blade Jenkins.
14:59 of 3rd period - Shot Misses the Net.
15:43 of 3rd period - Shot by Tim Gettinger.
15:43 of 3rd period - Stopped by Troy Grosenick without a rebound.
15:44 of 3rd period - Luke Johnson wins face-off versus Andrew Agozzino in Americans zone.
15:44 of 3rd period - Sean Day is hit by Joseph Duszak.
16:05 of 3rd period - Icing by Carsen Twarynski.
16:06 of 3rd period - Luke Johnson wins face-off versus Kyle Okposo in Monsters zone.
16:38 of 3rd period - Shot by Turner Elson.
16:38 of 3rd period - Shot Misses the Net.
17:32 of 3rd period - Anthony Angello is hit by Ross Johnston and loses puck.
18:17 of 3rd period - Nicholas Abruzzese is hit by Oskari Laaksonen and loses puck.
18:46 of 3rd period - Icing by Robbie Russo.
18:47 of 3rd period - Nicolas Petan wins face-off versus Parker Kelly in Americans zone.
18:48 of 3rd period - Shot by Riley Sutter.
18:48 of 3rd period - Shot Misses the Net.
18:52 of 3rd period - Shot by Riley Sutter.
18:52 of 3rd period - Stopped by Troy Grosenick without a rebound.
18:53 of 3rd period - Andrew Agozzino wins face-off versus Nicolas Petan in Americans zone.
18:53 of 3rd period - Andrew Agozzino is hit by Riley Sutter.
19:01 of 3rd period - Americans, Troy Grosenick is pulled from the net.
19:09 of 3rd period - Shot by Matt Lorito.
19:09 of 3rd period - Deflect By Andrew Agozzino.
19:09 of 3rd period - Stopped by Kevin Mandolese without a rebound.
19:10 of 3rd period - Nicholas Abruzzese wins face-off versus Kyle Okposo in Monsters zone.
Goals for this period are 1 for Americans vs 1 for Monsters.
Shots for this period are 5 for Americans vs 12 for Monsters.